 Dungeon Crawl Stone Soup version 0.21-a0-94-gdd6ab6a (webtiles) character file.

129 sagitran the Insei (level 5, -6/42 HPs)
             Began as a Gnoll Wanderer on July 3, 2017.
             Mangled by an ogre
             ... wielding a +0 giant club
              (13 damage)
             ... on level 3 of the Dungeon.
             The game lasted 00:10:22 (2475 turns).

sagitran the Insei (Gnoll Wanderer)                 Turns: 2475, Time: 00:10:23

Health: -6/42      AC:  7    Str: 11    XL:     5   Next: 12%
Magic:  6/6        EV: 11    Int: 14    God:
Gold:   93         SH:  0    Dex: 13    Spells: 4/4 levels left

rFire    . . .     SeeInvis .   d - +2 dagger (venom)
rCold    . . .     Gourm    .   (no shield)
rNeg     . . .     Faith    .   b - +0 ring mail
rPois    .         Spirit   .   h - +0 helmet
rElec    .         Reflect  .   (no cloak)
rCorr    .         Harm     .   (no gloves)
MR       .....                  (no boots)
Stlth    +.........             (no amulet)
HPRegen  0.14/turn              (no ring)
MPRegen  0.10/turn              (no ring)

@: no status effects
A: short attention span, fangs 1, strong nose
a: no special abilities


You were on level 3 of the Dungeon.
You were hungry.

You visited 1 branch of the dungeon, and saw 3 of its levels.

You collected 93 gold pieces.

Inventory:

Hand Weapons
 a - a +2 mace
 d - a +2 dagger of venom (weapon)
 e - a +0 hunting sling
Armour
 b - a +0 ring mail (worn)
 h - a +0 helmet (worn)
Scrolls
 c - a scroll of teleportation
 g - a scroll of remove curse
 i - a scroll of fog {unknown}
 j - a scroll of amnesia
 k - a scroll of blinking {unknown}
Potions
 f - a potion of cancellation


   Skills:
 + Level 4.2 Fighting
 + Level 0.4 Short Blades
 + Level 4.3 Maces & Flails
 + Level 1.7 Throwing
 + Level 4.9 Armour
 + Level 2.4 Dodging
 + Level 5.2 Unarmed Combat
   Level 1.7 Evocations


You had 4 spell levels left.
You didn't know any spells.

Dungeon Overview and Level Annotations

Branches:
Dungeon (3/15)

Altars:


Innate Abilities, Weirdness & Mutations

You have a short attention span.
You have very sharp teeth.
Your uncanny sense of smell can sniff out nearby items.


Message History

Okay, then.
There is a stone staircase leading up here.
You climb upwards.
There is a stone staircase leading down here.
You start resting.
You are feeling hungry.
You aren't carrying any food.
You start resting.
HP restored.
You climb downwards.
The ogre hits you with a giant club!!
Ouch! That really hurt!
There is a stone staircase leading up, spattered with blood here.
You hit the ogre.
The ogre is moderately wounded.
You hit the ogre.
The ogre is poisoned.
You bite the ogre, but do no damage.
The ogre is moderately wounded.
The ogre hits you with a giant club!
* * * LOW HITPOINT WARNING * * *
The ogre hits you with a giant club!
You die...

#.#...##..#<#.###.
#.#.......O........
#.#..###..#.#.###..
#.# #..#.#.# ∆ #.#
......# # #.#
######## #.# #.#
###### #.# #..O@#
##'##########.####
(....##.......#
.....##.......# ∆
.....##.......#
##'####.......#
#............#
######......##
########


You could see an ogre.

Vanquished Creatures
  Robin (D:2)
  4 adders
  5 worms
  A dart slug (D:1)
  5 leopard geckos
  A giant cockroach (D:2)
  9 goblins
  12 hobgoblins
  A ball python (D:2)
  10 bats
  4 frilled lizards (D:1)
  3 kobolds
  9 rats
65 creatures vanquished.

Notes
Turn   | Place    | Note
-------+----------+-------------------------------------------
     0 | D:1      | sagitran the Gnoll Wanderer began the quest for the Orb.
     0 | D:1      | sagitran set off with: a +2 mace, a +0 ring mail, a scroll of teleportation, a bread ration
     0 | D:1      | Reached XP level 1. HP: 18/18 MP: 2/2
   110 | D:1      | Reached XP level 2. HP: 5/24 MP: 3/3
   637 | D:1      | Reached XP level 3. HP: 23/30 MP: 4/4
   965 | D:1      | Reached skill level 4 in Unarmed Combat
  1069 | D:2      | Noticed Robin
  1099 | D:1      | Reached skill level 1 in Dodging
  1453 | D:1      | Reached XP level 4. HP: 17/37 MP: 5/5
  1684 | D:2      | Killed Robin
  1760 | D:3      | Noticed an ogre
  2199 | D:3      | Reached skill level 5 in Unarmed Combat
  2199 | D:3      | Reached XP level 5. HP: 37/42 MP: 6/6
  2475 | D:3      | Mangled by an ogre

Vault maps used:
D:1:      dpeg_arrival_ratfight
D:2:      minitemple, minmay_heptomino_d4, uniq_robin

Skill      XL: |  1  2  3  4 |
---------------+-------------+-----
Maces & Flails | 4 |  4.3
Unarmed Combat | 4 5 |  5.2
Armour         | 4 |  4.9
Dodging        | 1 2 |  2.4
Fighting       | 4 |  4.2
Short Blades   | |  0.4
Throwing       | |  1.7
Evocations     | |  1.7

Action                   |  1- 3 |  4- 6 || total
-------------------------+-------+-------++-------
Melee: Mace              |    27 |       ||    27
       Bite              |    16 |    12 ||    28
       Unarmed           |   101 |    67 ||   168
       Punch             |     1 |     4 ||     5
       Dagger            |       |    37 ||    37
  Use: Scroll            |       |     3 ||     3
  Eat: Bread ration      |     1 |       ||     1
Armor: Ring mail         |    84 |    53 ||   137
Dodge: Dodged            |    91 |    54 ||   145
